 Dungeon Crawl Stone Soup version 0.30-a0-354-g6b83867211 (webtiles) character file.

Game seed: 14648048114467784051

88 KennySheep the Magician (level 4, -6/45 (48) HPs)
             Began as a Formicid Wanderer on Nov 8, 2022.
             Killed by divine providence
             ... invoked by an orc priest
              (16 damage)
             ... on level 1 of the Dungeon.
             The game lasted 00:08:29 (1618 turns).

KennySheep the Magician (Formicid Wanderer)         Turns: 1618, Time: 00:08:30

HP:   -6/45 (48)    AC: 22    Str: 13 (14) XL:     4   Next: 81%
MP:   10/10         EV:  2    Int: 12 (14) God:
Gold: 107           SH:  4    Dex: 14 (15) Spells: 8/11 levels left

rFire   . . .      SeeInvis .    a - +4 dagger (speed)
rCold   . . .      Faith    .    b - +0 buckler
rNeg    . . .      Spirit   .    (body armour currently unavailable)
rPois   +          Reflect  .    (helmet unavailable)
rElec   .          Harm     .    (cloak currently unavailable)
rCorr   .          Rampage  .    (gloves currently unavailable)
Will    .....                    (boots currently unavailable)
Stlth   +.........               j - amulet of magic regeneration
HPRegen 0.27/turn                (no ring)
MPRegen 0.52/turn                (no ring)

@: tree-form, drained
A: stationary, stasis, torment immunity, boosted hp, permanent stasis, dig
shafts and tunnels, (antennae 3), four strong arms
a: no special abilities


You were on level 1 of the Dungeon.
You were a tree.
You visited 1 branch of the dungeon, and saw 2 of its levels.

You collected 107 gold pieces.

Inventory:

Hand Weapons
 a - a +4 dagger of speed (weapon)
 m - a +0 hand axe
Armour
 b - a +0 buckler (worn)
 d - a +0 leather armour (melded)
Magical Staves
 f - a staff of earth
Jewellery
 j - an amulet of magic regeneration (around neck)
Wands
 q - a wand of flame (23)
Scrolls
 g - a scroll of amnesia
 h - 3 scrolls of fear
 i - a scroll of identify
 k - 2 scrolls of enchant armour {unknown}
 l - a scroll of acquirement {unknown}
 n - a scroll of magic mapping {unknown}
 p - a scroll of summoning
Potions
 c - a potion of lignification


   Skills:
 + Level 1.5 Fighting
 - Level 1.0 Axes
 - Level 1.0 Throwing
 - Level 2.2 Armour
 - Level 1.4 Shields
 + Level 4.0 Spellcasting
 * Level 3.0 Summonings


You had 8 spell levels left.
You knew the following spells:

 Your Spells              Type           Power      Damage    Failure   Level
a - Summon Small Mammal   Summ           36%        N/A       8%          1
b - Call Imp              Summ           9%         N/A       12%         2

Your spell library contained the following spells:

 Spells                   Type           Power      Damage    Failure   Level
 Static Discharge         Conj/Air       4%         2-3/arc   38%         2
 Gell's Gravitas          Tloc           2%         N/A       63%         3


Dungeon Overview and Level Annotations

Branches:
Dungeon (2/15)

Altars:


Innate Abilities, Weirdness & Mutations

You are a tree.
Your roots penetrate the ground, keeping you stationary.
You cannot be teleported.
You are immune to unholy pain and torment.
Your maximum health is greatly increased.
Your equipment is partially melded.
You cannot be hasted, slowed, berserked, paralysed or teleported.
You can dig through walls and to a lower floor.
((You have a pair of large antennae on your head. (SInv)))
Your four strong arms can wield two-handed weapons with a shield.


Message History

The orc wizard is moderately wounded.
You block the orc wizard's attack.
You hit the orc wizard.
The orc wizard is heavily wounded.
The orc wizard hits you but does no damage.
You hit the orc wizard.
The orc wizard is heavily wounded.
You hit the orc wizard.
You kill the orc wizard!
You feel your intelligence returning.
Your Spellcasting skill increases to level 4!
Your Summonings skill increases to level 3!
You hit the orc priest.
The orc priest is lightly wounded.
You block the orc priest's attack.
You hit the orc priest.
The orc priest is moderately wounded.
The orc priest hits you but does no damage.
You closely miss the orc priest.
The orc priest is moderately wounded.
You barely miss the orc priest.
The orc priest is moderately wounded.
The orc priest mumbles some strange prayers to Beogh against you.
Beogh smites you!
* * * LOW HITPOINT WARNING * * *
You closely miss the orc priest.
The orc priest is moderately wounded.
The orc priest hits you with a +0 club.
* * * LOW HITPOINT WARNING * * *
You hit the orc priest but do no damage.
The orc priest is moderately wounded.
The orc priest barely misses you.
You hit the orc priest.
The orc priest is heavily wounded.
Okay, then.
You hit the orc priest.
The orc priest is almost dead.
The orc priest invokes the aid of Beogh against you.
Beogh smites you!
You die...

........#.....#
....####o####.#
##..####.# #.#
##.......# #.#
....###.#####.########
........o...o#.......#
.........####.######.#
.........# #.#### #.#
...8.8...# #.##♣###.#
###.<.#### #.###o##.#
####### #....###.#
...##.# ####.# #.#
#####.# #.# #.#
#####.# #.# #.#
......# #.# #.#
######### #.# #.#
........# #.# #.#


You could see an orc priest.

Vanquished Creatures
  Jessica (D:2)
  An orc wizard (D:1)
  3 orcs (D:2)
  A bat (D:1)
  4 endoplasms
  2 giant cockroaches (D:1)
  A goblin (D:2)
  2 hobgoblins (D:1)
  3 jackals (D:1)
  3 kobolds (D:1)
  A quokka (D:1)
  A ball python (D:1)
  3 frilled lizards (D:1)
  2 rats
28 creatures vanquished.

Vanquished Creatures (collateral kills)
  An endoplasm (D:1)
  2 jackals (D:1)
3 creatures vanquished.

Grand Total: 31 creatures vanquished

Notes
Turn   | Place    | Note
-------+----------+-------------------------------------------
     0 | D:1      | KennySheep the Formicid Wanderer began the quest for the
                  | Orb.
     0 | D:1      | KennySheep set off with the following items: a +0 hand axe,
                  | a +0 buckler, a potion of lignification, a +0 leather
                  | armour; and the following spell memorised: Summon Small
                  | Mammal; and the following spells available to memorise:
                  | Call Imp, Static Discharge, Gell's Gravitas.
     0 | D:1      | Reached XP level 1. HP: 15/15 MP: 4/4
    60 | D:1      | Reached XP level 2. HP: 19/21 MP: 6/6
    62 | D:1      | Reached skill level 1 in Summonings
    66 | D:1      | Learned a level 2 spell: Call Imp
   701 | D:1      | Reached XP level 3. HP: 23/26 MP: 5/8
  1139 | D:2      | Noticed Jessica
  1148 | D:2      | Killed Jessica
  1149 | D:2      | Reached XP level 4. HP: 22/32 MP: 7/9
  1423 | D:1      | HP: 1/32 [orc priest/divine providence (16)]
  1611 | D:1      | Reached skill level 4 in Spellcasting
  1618 | D:1      | Killed from afar by an orc priest

Illustrated notes

Levels and vault maps discovered:
D:1:      mrwooster_arrival_statue, layout_loops_ring, serial_bayou_ford_a,
          dreamdust_princess_bridge, patterned_corridor
D:2:      cheibrodos_pilgrimage, layout_rooms, basic_altar, uniq_jessica

Skill      XL: |  1  2  3  4 |
---------------+-------------+-----
Summonings     | 1 2 3 |  3.0
Spellcasting   | 4 |  4.0
Fighting       | |  1.5
Axes           | |  1.0
Throwing       | |  1.0
Armour         | |  2.2
Shields        | |  1.4

Action                   |  1- 3 |  4- 6 || total
-------------------------+-------+-------++-------
Melee: Hand axe          |    46 |       ||    46
       Dagger            |    14 |    29 ||    43
 Cast: Summon Small Mamm |    13 |     9 ||    22
       Call Imp          |     1 |     5 ||     6
 Abil: Dig               |       |     1 ||     1
  Use: Scroll            |     2 |     1 ||     3
       Potion            |       |     3 ||     3
 Stab: Sleeping          |     1 |       ||     1
Armor: Leather armour    |    23 |     5 ||    28
       Skin              |       |     4 ||     4
Dodge: Dodged            |    45 |     6 ||    51
Block: Buckler           |    16 |     7 ||    23

Table legend: (Time is in decaauts)
 A = Elapsed time spent in this place.
 B = Non-inter-level travel time spent in this place.
 C = Inter-level travel time spent in this place.
 D = Time resting spent in this place.
 E = Time spent auto-exploring this place.
 F = Levels seen in this place.
 G = Mean time per level.
                   A        B        C        D        E       F      G
               +--------+--------+--------+--------+--------+-----+--------+
         Total |   1629 |   1556 |     73 |    177 |    935 |   2 |  814.5 |
       Dungeon |   1629 |   1556 |     73 |    177 |    935 |   2 |  814.5 |
               +--------+--------+--------+--------+--------+-----+--------+

Top non-repeatable levels by time:
     D:1: 1322 daAuts
     D:2: 306 daAuts
